 Dungeon Crawl Stone Soup version 0.26-a0-58-g79b31b8662 (webtiles) character file.

Game seed: 4350927076220564220

313 BritishOli the Skirmisher (level 6, -7/49 HPs)
             Began as a Demonspawn Monk on June 8, 2020.
             Mangled by an ogre
             ... wielding a +0 giant club
              (12 damage)
             ... on level 4 of the Dungeon.
             The game lasted 00:08:48 (4352 turns).

BritishOli the Skirmisher (Demonspawn Monk)         Turns: 4352, Time: 00:08:49

Health: -7/49      AC: 11    Str: 14    XL:     6   Next: 19%
Magic:  6/6        EV: 12    Int: 11    God:
Gold:   130        SH:  0    Dex: 15    Spells: 5/5 levels left

rFire    . . .     SeeInvis .   a - +0 falchion
rCold    + . .     Gourm    .   (no shield)
rNeg     . . .     Faith    .   i - quicksilver dragon scales
rPois    .         Spirit   .   (no helmet)
rElec    .         Reflect  .   o - +0 cloak
rCorr    .         Harm     .   (no gloves)
MR       +....                  (no boots)
Stlth    +.........             (no amulet)
HPRegen  0.16/turn              (no ring)
MPRegen  0.10/turn              (no ring)

@: no status effects
A: cold resistance 1, powered by death 1
a: no special abilities


You were on level 4 of the Dungeon.
You were not hungry.

You visited 1 branch of the dungeon, and saw 5 of its levels.

You collected 130 gold pieces.

Inventory:

Hand Weapons
 a - a +0 falchion (weapon)
Armour
 b - a +0 robe
 i - quicksilver dragon scales (worn)
 o - a +0 cloak (worn)
Scrolls
 d - a scroll of fog {unknown}
 e - 2 scrolls of remove curse {unknown}
 f - a scroll of fear {unknown}
 h - a scroll of amnesia {unknown}
 k - a scroll of teleportation {unknown}
 m - 4 scrolls of enchant armour {unknown}
 n - a scroll of noise {unknown}
 p - a scroll of random uselessness {unknown}
 q - a scroll of immolation {unknown}
 r - a scroll of identify {unknown}
Potions
 g - a potion of invisibility {unknown}
 j - a potion of ambrosia {unknown}
 l - 3 potions of degeneration {unknown}
 s - a potion of stabbing {unknown}
Comestibles
 c - 8 rations
 t - a chunk of flesh


   Skills:
 + Level 4.3 Fighting
 + Level 3.9 Long Blades
 + Level 2.6 Armour
 + Level 3.9 Dodging
 - Level 1.7 Stealth


You had 5 spell levels left.
You didn't know any spells.
Your spell library was empty.

Dungeon Overview and Level Annotations

Branches:
Dungeon (5/15)
 Temple: D:4-7

Altars:
Ashenzari
Trog
Vehumet
Zin

Shops:
D:3 *

Annotations:
D:2 Sigmund


Innate Abilities, Weirdness & Mutations

Your flesh is cold resistant. (rC+)
You regenerate a little health from kills.


Message History

The ogre is too close now for your liking.
The ogre shouts!
The ogre closely misses you.
You hit the ogre but do no damage. The ogre hits you with a +0 giant club!
You barely miss the ogre. The ogre hits you with a +0 giant club!
You are too injured to fight recklessly!
You are too injured to fight recklessly!
You hit the ogre.
The ogre is lightly wounded.
The ogre completely misses you.
You hit the ogre.
The ogre is moderately wounded.
The ogre hits you with a +0 giant club!
You hit the ogre.
The ogre is moderately wounded.
The ogre hits you with a +0 giant club!!
* * * LOW HITPOINT WARNING * * *
There is a stone staircase leading up here.
The ogre hits you with a +0 giant club!
You die...

###.# ....#
....########
...........# ###
....####.#.#####.##
....# #.#........#
#.### #.#######.##
#.# #.# #O# #.# #.#
#@# #.# #.# #.# #.#
#.# #.# #.# #.# #.#
#.# #.# #.# #.# #.#
..# #.# ###


You could see an ogre.

Vanquished Creatures
  A scorpion (D:5)
  A howler monkey (D:5)
  A centaur skeleton (D:4)
  A worker ant (D:4)
  3 gnolls
  7 adders
  A shadow imp (D:5)
  An ooze (D:2)
  An adder skeleton (D:4)
  2 worms
  A dart slug (D:2)
  A leopard gecko (D:1)
  4 orcs
  5 giant cockroaches
  7 goblins
  5 hobgoblins
  4 quokkas
  A ball python (D:4)
  6 bats
  2 frilled lizards
  2 kobolds
  A quokka skeleton (D:4)
  7 rats
65 creatures vanquished.

Notes
Turn   | Place    | Note
-------+----------+-------------------------------------------
     0 | D:1      | BritishOli the Demonspawn Monk began the quest for the Orb.
     0 | D:1      | Reached XP level 1. HP: 18/18 MP: 1/1
   342 | D:1      | Gained mutation: You regenerate a little health from kills.
                  | [demonic ancestry]
   342 | D:1      | Reached XP level 2. HP: 24/24 MP: 2/2
   776 | D:2      | Reached skill level 1 in Armour
   788 | D:2      | Reached XP level 3. HP: 29/29 MP: 3/3
  1106 | D:2      | Found a radiant altar of Vehumet.
  1367 | D:2      | Noticed Sigmund
  1862 | D:2      | Gained mutation: Your flesh is cold resistant. (rC+)
                  | [demonic ancestry]
  1862 | D:2      | Reached XP level 4. HP: 10/36 MP: 4/4
  2893 | D:3      | Found Zin's Purification Station.
  2893 | D:3      | Found a glowing silver altar of Zin.
  3284 | D:3      | Found a faded altar of an unknown god.
  3449 | D:4      | Reached XP level 5. HP: 42/42 MP: 5/5
  3763 | D:4      | Reached skill level 4 in Fighting
  3950 | D:4      | Found a shattered altar of Ashenzari.
  3952 | D:4      | Noticed an ogre
  4029 | D:5      | Entered Level 5 of the Dungeon
  4068 | D:5      | Noticed an ogre
  4077 | D:5      | Reached XP level 6. HP: 37/49 MP: 6/6
  4173 | D:4      | Found a bloodstained altar of Trog.
  4352 | D:4      | Mangled by an ogre

Illustrated notes

Levels and vault maps discovered:
D:1:      psy_arrival_dodecagon, layout_loops_ring, feat_on_display
D:2:      layout_basic, vehumet_crystals, minmay_goblin_outpost, uniq_sigmund
D:3:      layout_loops_corners, zin_purify, first_ration,
          chequers_ecumenical_altar_lobes
D:4:      layout_loops_ring, kennysheep_mini_moat, kennysheep_mini
D:5:      layout_basic, gammafunk_ghost_grave, minmay_misc_feat_tiny

Skill      XL: |  1  2  3  4  5 |
---------------+----------------+-----
Long Blades    | 3 |  3.9
Dodging        | 3 |  3.9
Armour         | 1 2 |  2.6
Fighting       | 4 |  4.3
Stealth        | |  1.7

Action                   |  1- 3 |  4- 6 || total
-------------------------+-------+-------++-------
Melee: Falchion          |   126 |   147 ||   273
 Stab: Sleeping          |     5 |     2 ||     7
  Eat: Chunk             |     3 |     8 ||    11
Armor: Robe              |     4 |       ||     4
       Quicksilver drago |    51 |    57 ||   108
Dodge: Dodged            |   103 |   119 ||   222
       Rpst.: Falchion   |    26 |    33 ||    59

Table legend:
 A = Non-vault XP
 B = Vault XP
 C = Vault XP percentage of total XP
 D = Non-vault monster count
 E = Vault monster count
 F = Vault count percentage of total count
                 A         B        C        D         E       F
            +---------+---------+-------+---------+---------+-------
      Total |     436 |      12 |   2.7 |      59 |       6 |   9.2
            +---------+---------+-------+---------+---------+-------
        D:1 |      14 |       0 |   0.0 |       9 |       0 |   0.0
        D:2 |      63 |      12 |  16.0 |      15 |       6 |  28.6
        D:3 |     106 |       0 |   0.0 |      19 |       0 |   0.0
        D:4 |     118 |       0 |   0.0 |      13 |       0 |   0.0
        D:5 |     135 |       0 |   0.0 |       3 |       0 |   0.0
            +---------+---------+-------+---------+---------+-------
